 Dungeon Crawl Stone Soup version 0.30.1-4-g462c640d31 (webtiles) character file.

Game seed: 1573797981452778869

161 croobank the Chiller (level 5, -1/38 HPs)
             Began as a Demonspawn Ice Elementalist on Sept 3, 2023.
             Slain by an orc
             ... wielding a +0 club
              (5 damage)
             ... on level 3 of the Dungeon.
             The game lasted 00:07:57 (2188 turns).

croobank the Chiller (Demonspawn Ice Elementalist)  Turns: 2188, Time: 00:07:58

Health: -1/38      AC: 10    Str:  9    XL:     5   Next: 18%
Magic:  1/9        EV: 12    Int: 18    God:
Gold:   68         SH:  0    Dex: 13    Spells: 2/9 levels left

rFire   . . .        o - +1 dagger of the Tiger {drain, rPois Stlth+}
rCold   + . .        (no shield)
rNeg    . . .        a - +0 robe
rPois   +            (helmet restricted)
rElec   .            (no cloak)
rCorr   .            l - +1 pair of gloves
SInv    .            (no boots)
Will    .....        (no amulet)
Stlth   +++          m - ring of protection from cold
HPRegen 0.26/turn    (no ring)
MPRegen 0.11/turn

%: no passive effects
@: ice-armoured, weak-willed, attractive
A: horns 2, ignite blood 1
a: no special abilities


You were on level 3 of the Dungeon.
You visited 1 branch of the dungeon, and saw 3 of its levels.

You collected 68 gold pieces.

Inventory:

Hand Weapons
 c - a +2 dagger of venom
 k - a +0 spear
 o - the +1 dagger of the Tiger (weapon) {drain, rPois Stlth+}
   (You found it on level 2 of the Dungeon)

   rPois:     It protects you from poison.
   Stlth:     It makes you more stealthy.
Missiles
 e - 3 poisoned darts
Armour
 a - a +0 robe (worn)
 l - a +1 pair of gloves (worn)
Jewellery
 m - a ring of protection from cold (left hand)
Scrolls
 g - a scroll of noise
 i - a scroll of teleportation {unknown}
 j - a scroll of blinking {unknown}
 n - a scroll of identify {unknown}
 p - a scroll of silence {unknown}
 q - a scroll of summoning {unknown}
Potions
 b - a potion of magic


   Skills:
 + Level 1.8 Fighting
 + Level 2.6 Dodging
 + Level 2.9 Stealth
 + Level 2.8 Spellcasting
 + Level 4.2 Ice Magic


You had 2 spell levels left.
You knew the following spells:

 Your Spells              Type           Power      Damage    Failure   Level
a - Freeze                Ice            68%        1d8       3%          1
b - Frozen Ramparts       Ice            34%        1d6       9%          3
c - Ozocubu's Armour      Ice            17%        N/A       9%          3

Your spell library contained the following spells:

 Spells                   Type           Power      Damage    Failure   Level
 Summon Ice Beast         Ice/Summ       10%        N/A       56%         4


Dungeon Overview and Level Annotations

Branches:
Dungeon (3/15)

Altars:


Innate Abilities, Weirdness & Mutations

You have a pair of horns on your head.
Your demonic aura sometimes causes spilled blood to erupt in flames.


Message History

You hear a shout!
The orc barely misses you. The orc misses you.
An orc priest comes into view. It is wielding a +0 whip.
The hobgoblin is attracted toward you. The orc priest is attracted toward you.
As you read the scroll labelled LOANUD GAEBLY, it crumbles to dust.
You hear a loud clanging noise!
It was a scroll of noise.
You hear a shout! x9; You hear an angry hiss.
You hear a shout!
The orc hits you but does no damage. The orc priest is attracted toward you.
Okay, then.
As you read the scroll labelled BAROJ QAUMO, it crumbles to dust.
Magic quickly surges around you.
It was a scroll of vulnerability.
The orc closely misses you. The orc barely misses you.
The hobgoblin closely misses you.
As you read the scroll labelled IXZALI TIEPTUI, it crumbles to dust.
It is a scroll of enchant armour.
Your +0 pair of gloves glows green for a moment.
The orc hits you but does no damage. x2; The hobgoblin barely misses you.
You hit the orc but do no damage. You drain the orc.
You kill the orc!
The orc misses you. The hobgoblin closely misses you.
Casting: Freeze (safe; 3% risk of failure)
Confirm with . or Enter, or press ? or * to list all spells.
Aiming: Freeze (safe; 3% risk of failure)
Press: ? - help, Shift-Dir - straight line, f - orc priest
Aim: an orc priest, wielding a +0 whip (weak-willed)
You freeze the orc priest.
The orc priest is moderately wounded.
The orc priest mumbles some strange prayers to Beogh against you.
Pain shoots through your body!
* * * LOW HITPOINT WARNING * * *
The orc hits you but does no damage. The hobgoblin barely misses you.
A frilled lizard comes into view.
The frilled lizard is attracted toward you.
You hit the orc priest.
The orc priest is heavily wounded.
The orc priest hits you but does no damage.
An orc comes into view. It is wielding a +0 whip.
The orc hits you with a +0 club.
You die...

...................
..............§......
.......................
....................o...
..............l............
.#.#..<†..................
####..................
#..#...og......#... .
#.##...@)....#...##.. #.
#....o.........<..
##..##.................
.......................
..######.....#.........
#######........# ########..
.


You could see an orc priest (weak-willed), 2 orcs, a hobgoblin (weak-willed) and
a frilled lizard.

Vanquished Creatures
  A hound (D:3)
  An orc wizard (D:3)
  3 gnolls (D:2)
  3 adders (D:2)
  A dart slug (D:1)
  3 orcs (D:3)
  12 ball pythons
  2 endoplasms (D:1)
  7 giant cockroaches
  3 goblins
  A hobgoblin (D:1)
  5 bats
  5 frilled lizards
  4 kobolds
  2 rats (D:1)
53 creatures vanquished.

Notes
Turn   | Place    | Note
-------+----------+-------------------------------------------
     0 | D:1      | croobank the Demonspawn Ice Elementalist began the quest
                  | for the Orb.
     0 | D:1      | Reached XP level 1. HP: 13/13 MP: 3/3
   290 | D:1      | Gained mutation: You have a pair of small horns on your
                  | head. [demonic ancestry]
   290 | D:1      | Reached XP level 2. HP: 15/19 MP: 5/5
   382 | D:1      | Found a faded altar of an unknown god.
   537 | D:1      | Reached XP level 3. HP: 17/25 MP: 6/6
   541 | D:1      | Learned a level 3 spell: Frozen Ramparts
   932 | D:2      | Reached skill level 1 in Fighting
  1076 | D:2      | Reached skill level 4 in Ice Magic
  1119 | D:2      | Gained mutation: You have a pair of horns on your head.
                  | [demonic ancestry]
  1119 | D:2      | Reached XP level 4. HP: 32/32 MP: 7/7
  1624 | D:2      | Learned a level 3 spell: Ozocubu's Armour
  1701 | D:2      | HP: 1/32 [poisoned by an adder]
  1865 | D:2      | Identified the +1 dagger of the Tiger {drain, rPois Stlth+}
  2175 | D:3      | Gained mutation: Your demonic aura sometimes causes spilled
                  | blood to erupt in flames. [demonic ancestry]
  2175 | D:3      | Reached XP level 5. HP: 20/38 MP: 5/9
  2188 | D:3      | Slain by an orc

Illustrated notes

Levels and vault maps discovered:
D:1:      sevenhm_arrival_forest_fort_small_4, layout_basic,
          nicolae_ecumenical_snake_handling
D:2:      layout_basic, kennysheep_boxes
D:3:      layout_rooms, nicolae_ru_the_path_less_chosen

Skill      XL: |  1  2  3 |
---------------+----------+-----
Stealth        | 2 |  2.9
Dodging        | 2 |  2.6
Fighting       | 1 |  1.8
Ice Magic      | 4 |  4.2
Spellcasting   | |  2.8

Action                     |  1- 3 |  4- 6 || total
---------------------------+-------+-------++-------
  Melee: Dagger            |    60 |    35 ||    95
         Punch             |     2 |       ||     2
         Headbutt          |     4 |     3 ||     7
   Cast: Freeze            |    12 |     8 ||    20
         Frozen Ramparts   |     3 |     4 ||     7
         Ozocubu's Armour  |       |     2 ||     2
    Use: Potion            |       |     2 ||     2
         Scroll            |       |     3 ||     3
   Stab: Sleeping          |     1 |     5 ||     6
 Armour: Robe              |     8 |    22 ||    30
  Dodge: Dodged            |    46 |    52 ||    98
